 Dungeon Crawl Stone Soup version 0.28-a0-43-g560ac104fe (webtiles) character file.

Game seed: 2965548152034618319

27428 DasRunzen the Basher (level 13, -2/130 HPs)
             Began as a Troll Abyssal Knight on July 28, 2021.
             Was the Champion of Lugonu.
             Slain by a hell knight (12 damage)
             ... in a volcano.
             The game lasted 00:26:44 (9417 turns).

DasRunzen the Basher (Troll Abyssal Knight)         Turns: 9417, Time: 00:26:45

Health: -2/130     AC:  5    Str: 27    XL:     13   Next: 4%
Magic:  0/19       EV: 12    Int:  8    God:    Lugonu [******]
Gold:   758        SH:  0    Dex:  9    Spells: 12/12 levels left

rFire   . . .      SeeInvis +   e - +5 giant club (spect)
rCold   . . .      Faith    .   (shield currently unavailable)
rNeg    . . .      Spirit   +   (armour restricted)
rPois   +          Reflect  .   (helmet restricted)
rElec   .          Harm     .   l - +2 cloak
rCorr   .          Rampage  .   (gloves unavailable)
Will    .....                   (boots unavailable)
Stlth   +.........              r - amulet of guardian spirit
HPRegen 1.31/turn               a - ring of see invisible
MPRegen 0.16/turn               p - ring of poison resistance

@: no status effects
A: large, unfitting armour, claws 3, regeneration 1, shaggy fur 1, tough skin 1
a: Renounce Religion, Depart the Abyss, Bend Space, Banish, Corrupt, Enter the
Abyss, Brand Weapon With Distortion


You were in a volcano.
You worshipped Lugonu.
Lugonu was exalted by your worship.
You visited 2 branches of the dungeon, and saw 12 of its levels.
You visited the Abyss 1 time.
You also visited: Volcano.

You collected 758 gold pieces.

Inventory:

Hand Weapons
 e - a +5 spectral giant club (weapon)
 m - a +1 trident of freezing
Missiles
 t - 17 large rocks (quivered)
 z - 2 throwing nets
Armour
 l - a +2 cloak (worn)
 B - a +2 robe of cold resistance
Jewellery
 a - a ring of see invisible (left claw)
 j - a +6 ring of intelligence
 n - a ring of positive energy
 p - a ring of poison resistance (right claw)
 q - a ring of wizardry
 r - an amulet of guardian spirit (around neck)
 A - a ring of ice
 C - a ring of protection from fire
 J - a ring of wizardry
 K - a ring of fire
 L - an amulet of regeneration
Wands
 s - a wand of charming (12)
 v - a wand of digging (4)
 w - a wand of flame (41)
 G - a wand of polymorph (5)
Scrolls
 b - a scroll of silence
 g - 3 scrolls of amnesia
 h - 8 scrolls of teleportation
 u - 2 scrolls of summoning
 y - a scroll of fear
 H - a scroll of brand weapon
 I - a scroll of identify
Potions
 c - 2 potions of berserk rage
 d - 2 potions of lignification
 f - 8 potions of curing
 i - 2 potions of heal wounds
 k - 2 potions of invisibility
 o - 2 potions of flight
 x - 2 potions of haste
 D - a potion of ambrosia
 E - a potion of resistance
 F - a potion of cancellation


   Skills:
 + Level 8.9 Fighting
 + Level 9.5 Maces & Flails
 + Level 8.4 Armour
 + Level 8.7 Dodging
 + Level 9.4 Invocations


You had 12 spell levels left.
You didn't know any spells.
Your spell library contained the following spells:

 Spells                   Type           Power      Damage    Failure   Level
 Freeze                   Ice            0%         1d3       41%         1
 Corpse Rot               Necr/Air       N/A        N/A       54%         2
 Slow                     Hex            0%         N/A       54%         2
 Static Discharge         Conj/Air       0%         N/A       54%         2
 Sublimation of Blood     Necr           0%         N/A       54%         2
 Wereblood                Tmut           0%         N/A       54%         2
 Confusing Touch          Hex            0%         N/A       78%         3
 Frozen Ramparts          Ice            0%         1d2       78%         3
 Inner Flame              Hex/Fire       0%         N/A       78%         3
 Vampiric Draining        Necr           0%         2d6       78%         3
 Cause Fear               Hex            0%         N/A       99%         4
 Dispel Undead            Necr           0%         3d6       99%         4
 Hailstorm                Conj/Ice       0%         3d3       99%         4
 Olgreb's Toxic Radiance  Pois           0%         N/A       99%         4
 Petrify                  Tmut/Erth      0%         N/A       99%         4
 Irradiate                Conj/Tmut      0%         3d13      100%        5
 Lightning Bolt           Conj/Air       0%         1d11      100%        5
 Death Channel            Necr           0%         N/A       100%        6
 Ozocubu's Refrigeration  Ice            0%         4d5       100%        7
 Summon Hydra             Summ           0%         N/A       100%        7
 Discord                  Hex            0%         N/A       100%        8
 Ignition                 Fire           0%         3d3       100%        8
 Maxwell's Capacitive Co  Air            0%         ∞         100%        8


Dungeon Overview and Level Annotations

Branches:
Dungeon (11/15)            Temple (0/1) D:4            Lair (1/6) D:9
    Orc (0/2) D:11        Volcano (1/1)

Altars:
Vehumet
Wu Jian


Innate Abilities, Weirdness & Mutations

You are too large for most types of armour.
You have claws for hands.
Your natural rate of healing is unusually fast.
You are covered in fur. (AC +1)
You have tough skin. (AC +1)


Message History

You hit the two-headed ogre.
The two-headed ogre is severely wounded.
Your spectral +5 spectral giant club hits the two-headed ogre!
You kill the two-headed ogre!
Lugonu accepts your kill.
The ogre mage hits you from afar with a +2 spear of flaming.
The ogre mage burns you. The ogre mage closely misses you.
The hell knight closely misses you.
Things that are here:
a +0 giant club of flaming; a +0 giant club of flaming; a two-headed ogre corpse You barely miss the ogre mage.
The ogre mage hits you with a +2 spear of flaming!
The ogre mage burns you.
The hell knight hits you from afar with a +0 halberd of flaming!!
The hell knight burns you.
The ogre mage hits you with a +2 spear of flaming.
The ogre mage burns you.
You hit the ogre mage.
The ogre mage is lightly wounded.
The hell knight closely misses you.
The ogre mage hits you with a +2 spear of flaming!
The ogre mage burns you.
* * * LOW HITPOINT WARNING * * *
Unknown command.
You bludgeon the ogre mage!!
The ogre mage is severely wounded.
The hell knight casts a spell.
The hell knight seems to speed up.
The ogre mage closely misses you.
You sock the ogre mage!
The ogre mage is almost dead.
The hell knight hits you from afar with a +0 halberd of flaming!!
* * * LOW HITPOINT WARNING * * *
The hell knight burns you.
* * * LOW HITPOINT WARNING * * *
The ogre mage hits you with a +2 spear of flaming.
* * * LOW HITPOINT WARNING * * *
The ogre mage burns you.
* * * LOW HITPOINT WARNING * * *
The hell knight hits you from afar with a +0 halberd of flaming!
You die...

≈§≈§≈≈§§§≈§≈≈≈≈....#
≈≈§§§≈≈≈§≈§≈≈≈§≈...#
≈≈≈§§≈≈≈≈§§§§§≈≈...# .
≈≈≈§≈§≈≈≈≈≈§§§§..### ..
≈≈≈§§§≈≈≈≈≈≈§....# ..#
≈≈§§≈§≈§≈≈§≈≈..### O.#
≈≈≈≈≈≈≈§§≈≈≈...### ..#
≈§≈§§≈§≈§§≈§....8###..#
...§§§≈§§≈≈≈...)@OpO.∩#
#..§§≈≈§≈≈≈.....8###..#
#....≈§§§≈.....### ..#
#####......##### ..#
######## ..# .. .


You could see a hell knight (fast), a two-headed ogre and an ogre mage.

Vanquished Creatures
  A hydra (D:11)
  A boulder beetle (D:11)
  Fannar (D:10)
  A death knight (D:11)
  Erica (D:10)
  A centaur warrior (D:8)
  8 two-headed ogres
  A tengu warrior (D:11)
  Nergalle (D:10)
  4 skeletal warriors (D:11)
  2 deep elf pyromancers
  A manticore (D:11)
  2 cyclopes (D:11)
  Joseph (D:8)
  Maggie (D:8)
  A komodo dragon (D:7)
  A kobold demonologist (D:11)
  2 efreet (D:11)
  26 yaks
  3 wyverns (D:9)
  3 wraiths
  A basilisk (D:9)
  6 fire bats (Volcano)
  2 steam dragons
  A vampire mosquito (D:11)
  Duvessa (D:6)
  An acid dragon (D:9)
  4 water moccasins
  9 orc warriors
  2 black bears
  A necrophage (D:6)
  5 centaurs
  2 ogres
  2 kobold brigands (D:8)
  5 bullfrogs
  Dowan (D:6)
  A scorpion (D:5)
  A water moccasin skeleton (D:5)
  4 killer bees
  3 howler monkeys
  6 lava snakes (Volcano)
  A bullfrog zombie (D:5)
  2 hounds
  2 jellies
  5 orc priests
  5 centaur zombies
  Crazy Yiuf (D:2)
  A gnoll shaman (D:9)
  A scorpion zombie (D:5)
  5 iguanas
  11 orc wizards
  A hound skeleton (D:4)
  2 howler monkey zombies
  10 gnolls
  A howler monkey skeleton (D:7)
  5 adders
  3 shadow imps
  An adder skeleton (D:4)
  2 worms
  3 dart slugs
  46 orcs
  3 bats (D:2)
  5 endoplasms
  2 giant cockroaches
  10 goblins
  9 hobgoblins
  3 quokkas
  6 ball pythons
  6 frilled lizards
  14 kobolds
  8 rats
295 creatures vanquished.

Vanquished Creatures (others)
  3 orcs (D:8)
  A fungus (Lair:1)
  2 plants (Lair:1)
6 creatures vanquished.

Grand Total: 301 creatures vanquished

Notes
Turn   | Place    | Note
-------+----------+-------------------------------------------
     0 | Abyss:1  | DasRunzen the Troll Abyssal Knight began the quest for the
                  | Orb.
     0 | Abyss:1  | Reached XP level 1. HP: 22/22 MP: 1/1
    76 | Abyss:1  | Noticed a quasit
    85 | D:1      | Escaped the Abyss
   595 | D:1      | Reached * piety under Lugonu
   596 | D:1      | Reached XP level 2. HP: 28/29 MP: 2/2
   629 | D:1      | Found a faded altar of an unknown god.
   732 | D:1      | Identified a scroll of acquirement
   732 | D:1      | Acquired a +3 spectral giant club
   809 | D:2      | Reached XP level 3. HP: 33/36 MP: 3/3
   901 | D:2      | Reached skill level 1 in Armour
  1082 | D:2      | Found an ornate altar of the Wu Jian Council.
  1112 | D:2      | Reached XP level 4. HP: 44/44 MP: 4/4
  1488 | D:2      | Found a runed translucent door.
  1489 | D:2      | Noticed Crazy Yiuf
  1499 | D:2      | Killed Crazy Yiuf
  1643 | D:3      | Reached ** piety under Lugonu
  1882 | D:3      | Reached XP level 5. HP: 53/53 MP: 5/5
  2113 | D:4      | Noticed an ogre
  2116 | D:4      | Killed an ogre
  2431 | D:4      | Found a radiant altar of Vehumet.
  2493 | D:4      | Reached XP level 6. HP: 61/61 MP: 7/7
  2507 | D:4      | Found a staircase to the Ecumenical Temple.
  2596 | D:5      | Entered Level 5 of the Dungeon
  2601 | D:5      | Reached *** piety under Lugonu
  2647 | D:5      | Noticed an orc warrior
  2652 | D:5      | Killed an orc warrior
  2654 | D:5      | Reached XP level 7. HP: 66/68 MP: 8/8
  3259 | D:6      | Noticed a yak
  3260 | D:6      | Noticed a yak
  3260 | D:6      | Noticed a yak
  3265 | D:6      | Killed a yak
  3266 | D:6      | Killed a yak
  3267 | D:6      | Reached XP level 8. HP: 47/78 MP: 8/10
  3504 | D:6      | Reached **** piety under Lugonu
  3790 | D:6      | Noticed Duvessa
  3791 | D:6      | Noticed Dowan
  3797 | D:6      | Killed Duvessa
  3799 | D:6      | Killed Dowan
  4142 | D:7      | Reached skill level 5 in Maces & Flails
  4245 | D:7      | Noticed a komodo dragon
  4252 | D:7      | Reached skill level 5 in Fighting
  4252 | D:7      | Reached XP level 9. HP: 88/88 MP: 11/11
  4291 | D:7      | Killed a komodo dragon
  4292 | D:7      | Reached skill level 5 in Invocations
  4987 | D:8      | Noticed Joseph
  4997 | D:8      | Killed Joseph
  4998 | D:8      | Reached skill level 5 in Dodging
  5175 | D:8      | Noticed a centaur warrior
  5181 | D:8      | Killed a centaur warrior
  5182 | D:8      | Reached skill level 5 in Armour
  5229 | D:8      | Noticed a two-headed ogre
  5235 | D:8      | Killed a two-headed ogre
  5236 | D:8      | Reached XP level 10. HP: 89/98 MP: 10/13
  5254 | D:8      | Noticed a deep elf pyromancer
  5262 | D:8      | Killed a deep elf pyromancer
  5446 | D:8      | Reached ***** piety under Lugonu
  5513 | D:8      | Noticed Maggie
  5530 | D:8      | Killed Maggie
  5808 | D:9      | Found a staircase to the Lair.
  5975 | D:9      | Noticed a two-headed ogre
  5978 | D:9      | Killed a two-headed ogre
  6415 | D:10     | Entered Level 10 of the Dungeon
  6453 | D:10     | Reached XP level 11. HP: 107/107 MP: 15/15
  6455 | D:10     | Noticed Fannar
  6465 | D:10     | Killed Fannar
  6562 | D:10     | Noticed Erica
  6573 | D:10     | Killed Erica
  6775 | D:10     | Noticed Nergalle
  6778 | D:10     | Killed Nergalle
  7288 | D:11     | Found a staircase to the Orcish Mines.
  7333 | D:11     | Noticed a skeletal warrior
  7334 | D:11     | Noticed a skeletal warrior
  7335 | D:11     | Noticed a skeletal warrior
  7335 | D:11     | Noticed a skeletal warrior
  7961 | D:11     | Noticed a two-headed ogre
  7963 | D:11     | Killed a skeletal warrior
  7967 | D:11     | Killed a two-headed ogre
  7968 | D:11     | Reached XP level 12. HP: 15/119 MP: 1/17
  8356 | D:11     | Noticed a two-headed ogre
  8364 | D:11     | Killed a two-headed ogre
  8371 | D:11     | Reached ****** piety under Lugonu
  8393 | D:11     | Noticed a two-headed ogre
  8400 | D:11     | Killed a two-headed ogre
  8400 | D:11     | Noticed a six-headed hydra
  8407 | D:11     | Killed a six-headed hydra
  8614 | D:11     | Noticed a two-headed ogre
  8614 | D:11     | Noticed a boulder beetle
  8618 | D:11     | Killed a two-headed ogre
  8624 | D:11     | Killed a boulder beetle
  8679 | D:11     | Noticed a tengu warrior
  8681 | D:11     | Killed a tengu warrior
  8681 | D:11     | Noticed a death knight
  8688 | D:11     | Killed a death knight
  8978 | Lair:1   | Entered Level 1 of the Lair of Beasts
  9220 | Lair:1   | Found a dark tunnel.
  9229 | Volcano  | Entered a volcano
  9402 | Volcano  | Noticed a two-headed ogre
  9402 | Volcano  | Noticed a two-headed ogre
  9406 | Volcano  | Noticed an ogre mage
  9410 | Volcano  | Killed a two-headed ogre
  9410 | Volcano  | Noticed a two-headed ogre
  9411 | Volcano  | Reached XP level 13. HP: 97/130 MP: 14/19
  9417 | Volcano  | Slain by a hell knight

Illustrated notes

Levels and vault maps discovered:
D:1:      psy_arrival_whirlpool, layout_basic,
          shapermc_ecumenical_altar_notcrosses
D:2:      layout_loops_ring, basic_altar, hangedman_decor_peaks_small,
          minmay_diced_spiral, uniq_crazy_yiuf_cottage
D:3:      corexii_shack_village, layout_rooms
D:4:      layout_rooms, fiery_altar_vehumet, minmay_temple_entry_nine_rooms
D:5:      layout_basic
D:6:      layout_loops_cross, kennysheep_big_empty_room, uniq_duvessa
D:7:      layout_basic, hangedman_decor_opposing, grunt_ministairs_6
D:8:      minmay_ornate_pinched, layout_gridville, grunt_ministairs_8,
          uniq_maggie, uniq_joseph
D:9:      layout_rooms, david_lair_generic, chequers_serial_rivers_small_3
D:10:     layout_rooms, nicolae_benzene_ring, uniq_erica, uniq_fannar,
          uniq_nergalle
D:11:     minmay_the_grid_square_5x5_3x3 [minmay_the_grid_square_5x5_detours,
          minmay_the_grid_square_5x5_mess, minmay_the_grid_square_5x5_inner_i,
          minmay_the_grid_square_5x5_eight_small,
          minmay_the_grid_square_5x5_megaprize_checkered,
          minmay_the_grid_square_5x5_two_small,
          minmay_the_grid_square_5x5_beaten_path,
          minmay_the_grid_square_5x5_plus, minmay_the_grid_square_5x5_bridge],
          layout_irregular_city, orc_0_dummy
Lair:1:   layout_loops_ring, nicolae_volcano_entry_vermiform,
          serial_bayou_shore_b, serial_bayou_shore_b, infiniplex_staircase_pool
Volcano:  volcano_grotto [vgs_dualism]

Skill      XL: |  1  2  3  4  5  6  7  8  9 10 11 12 |
---------------+-------------------------------------+-----
Dodging        | 2 3 4 5 6 7 8 |  8.7
Maces & Flails | 2 3 4 5 6 7 8 9 |  9.5
Invocations    | 2 3 4 6 7 8 9 |  9.4
Armour         | 1 2 3 4 5 6 7 8 |  8.4
Fighting       | 3 4 5 6 7 8 |  8.9

Action                   |  1- 3 |  4- 6 |  7- 9 | 10-12 | 13-15 || total
-------------------------+-------+-------+-------+-------+-------++-------
Melee: Mace              |    23 |       |       |       |       ||    23
       Giant club        |    49 |    80 |   116 |   267 |     6 ||   518
Throw: Large rock        |       |       |       |     7 |       ||     7
Invok: Depart the Abyss  |     1 |       |       |       |       ||     1
Evoke: Wand              |       |       |       |     2 |       ||     2
  Use: Scroll            |     2 |    10 |     6 |     8 |       ||    26
 Stab: Sleeping          |     1 |       |       |       |       ||     1
       Distracted        |       |       |       |     2 |       ||     2
Armor: Robe              |    25 |    25 |    47 |    36 |       ||   133
       Skin              |       |       |       |    24 |       ||    24
Dodge: Dodged            |    36 |    27 |    70 |   130 |     4 ||   267

Table legend: (Time is in decaauts)
 A = Elapsed time spent in this place.
 B = Non-inter-level travel time spent in this place.
 C = Inter-level travel time spent in this place.
 D = Time resting spent in this place.
 E = Time spent auto-exploring this place.
 F = Levels seen in this place.
 G = Mean time per level.
                   A        B        C        D        E       F      G
               +--------+--------+--------+--------+--------+-----+--------+
         Total |   9611 |   9027 |    584 |    451 |   6448 |  14 |  686.5 |
       Dungeon |   9083 |   8499 |    584 |    421 |   6412 |  11 |  825.7 |
          Lair |    251 |    251 |      0 |      0 |      0 |   1 |  251.0 |
         Abyss |     85 |     85 |      0 |      0 |      0 |   1 |   85.0 |
       Volcano |    191 |    191 |      0 |     30 |     36 |   1 |  191.0 |
               +--------+--------+--------+--------+--------+-----+--------+

Top non-repeatable levels by time:
    D:11: 1532 daAuts
     D:7: 976 daAuts
    D:10: 850 daAuts
     D:6: 816 daAuts
     D:2: 815 daAuts
     D:8: 808 daAuts
     D:9: 807 daAuts
     D:5: 717 daAuts
     D:1: 677 daAuts
     D:4: 554 daAuts
     D:3: 527 daAuts
  Lair:1: 251 daAuts
 Volcano: 191 daAuts
 Abyss:1: 85 daAuts
